[Event "Titled Tuesday Blitz May 16 Early 2023"]
[White "Petrova, Irina"]
[Black "Altman, Joshua"]
[WhiteFideId "14124122"]
[BlackFideId "426210"]
[WhiteElo "2084"]
[BlackElo "2028"]
[Result "1/2-1/2"]
[Round "06"]
[TimeControl "180+2"]
[Date "2023.05.16"]
[WhiteClock "0:00:13"]
[BlackClock "0:00:06"]

1. e4 e6 2. d4 d5 3. Nc3 dxe4 4. Nxe4 Nd7 5. Nf3 Ngf6 6. Bg5 Be7 7. Bxf6 Nxf6 8. Nxf6+ Bxf6 9. Bd3 O-O 10. c3 Bd7 11. Qc2 h6 12. h4 Bc6 13. Ng5 Bxg5 14. hxg5 Qxg5 15. Be4 Bd5 16. Bxd5 Qxd5 17. O-O-O Qxa2 18. g4 Qd5 19. f4 f5 20. g5 hxg5 21. fxg5 Kf7 22. Rdg1 Rh8 23. g6+ Ke7 24. Rh7 Rag8 25. Qh2 Qd8 26. Rh1 Rxh7 27. gxh7 Rh8 28. Qe5 Kf7 29. Qh2 Qd6 30. Qh5+ g6 31. Qh6 Qf8 32. Qf4 Qd6 33. Qh6 Qe7 34. Rg1 Qf6 35. Qf4 Rxh7 36. Qxc7+ Qe7 37. Qg3 Rg7 38. Kb1 Qd7 39. Re1 g5 40. Qe5 g4 41. Re3 Qd5 42. Qc7+ Kg8 43. Qb8+ Kh7 44. Qh2+ Kg6 45. Re5 Qd6 46. Qh8 Kf7 47. Qh5+ Ke7 48. Qxf5 Rf7 49. Qg5+ Kd7 50. Ka2 Qa6+ 51. Ra5 Qd6 52. Rxa7 Qd5+ 53. Qxd5+ exd5 54. Rxb7+ Ke6 55. Rb8 Rg7 56. Re8+ Kd7 57. Re1 g3 58. Rg1 g2 59. b4 Ke6 60. Kb3 Kf5 61. b5 Kf4 62. Kb4 Kf3 63. Kc5 Rc7+ 64. Kxd5 Rxc3 65. b6 Rb3 66. Kc6 Kf2 67. Rxg2+ Kxg2 68. b7 Kf3 69. Kc7 Ke4 70. b8=Q Rxb8 71. Kxb8 Kxd4 1/2-1/2


[Site "https://www.chess.com"]

[Event "Titled Tuesday Blitz May 16 Early 2023"]
[White "Tologon tegin, Semetei"]
[Black "Gatterer, Florian"]
[WhiteFideId "13800574"]
[BlackFideId "811688"]
[WhiteElo "2247"]
[BlackElo "2221"]
[Result "1-0"]
[Round "06"]
[TimeControl "180+2"]
[Date "2023.05.16"]
[WhiteClock "0:00:13"]
[BlackClock "0:00:02"]

1. d4 Nf6 2. Nc3 d5 3. Bf4 c5 4. e3 cxd4 5. exd4 Bg4 6. f3 Bd7 7. Bd3 Nc6 8. Nge2 Qb6 9. Qd2 e6 10. Be3 Bd6 11. O-O a6 12. a3 Qc7 13. h3 O-O 14. f4 g6 15. Kh2 Na5 16. b3 Rac8 17. g3 b5 18. Qe1 Nc6 19. Bd2 Ne7 20. Ng1 h5 21. Nf3 Nc6 22. Qe3 Ra8 23. Ne5 b4 24. axb4 Nxb4 25. Na4 Nxd3 26. Qxd3 Ne4 27. c3 Bxa4 28. Rxa4 Rab8 29. b4 Rfc8 30. Rc1 Bxe5 31. fxe5 Ra8 32. Be1 a5 33. b5 h4 34. gxh4 Kg7 35. c4 Qd7 36. c5 Rcb8 37. Rca1 Qxb5 38. Qxb5 Rxb5 39. Rxa5 Raxa5 40. Rxa5 Rb2+ 41. Kg1 Rb1 42. Kf1 Nd2+ 43. Ke2 Ne4 44. Ra7 Rb2+ 45. Kd3 Rb1 46. Ba5 Rd1+ 47. Ke3 Rc1 48. Bd8 g5 49. hxg5 Rc3+ 50. Kf4 Kg6 51. Bf6 Nd2 52. Ra8 Rf3+ 53. Kg4 Re3 54. Rg8+ Kh7 55. Rg7+ Kh8 56. Rxf7+ Kg8 57. Rg7+ Kf8 58. c6 Ne4 59. c7 Nf2+ 60. Kh5 Rxh3+ 61. Kg6 Rc3 62. Rh7 Ng4 63. Rh8# 1-0


[Site "https://www.chess.com"]

[Event "Titled Tuesday Blitz May 16 Early 2023"]
[White "Chabris, Christopher"]
[Black "Ginzburg, Yakov"]
[WhiteFideId "2005263"]
[BlackFideId "4157176"]
[WhiteElo "2374"]
[BlackElo "2305"]
[Result "1-0"]
[Round "06"]
[TimeControl "180+2"]
[Date "2023.05.16"]
[WhiteClock "0:00:54"]
[BlackClock "0:00:04"]

1. e4 c5 2. Nf3 e6 3. d4 cxd4 4. Nxd4 Nf6 5. Nc3 Nc6 6. Nxc6 bxc6 7. Bd3 d5 8. e5 Nd7 9. Bf4 Rb8 10. Rb1 Rb4 11. Qf3 g5 12. Bg3 h5 13. h4 g4 14. Qe2 Be7 15. a3 Rd4 16. Qe3 c5 17. Ne2 Ra4 18. c4 dxc4 19. Be4 c3 20. Nxc3 Rd4 21. Ne2 Ba6 22. Nxd4 cxd4 23. Qxd4 Bc5 24. Qa4 Qb6 25. Rd1 Qxb2 26. Qxd7+ Kf8 27. Qd8+ Kg7 28. Qf6+ Kg8 29. Rd8+ Bf8 30. Qg5# 1-0


[Site "https://www.chess.com"]

[Event "Titled Tuesday Blitz May 16 Early 2023"]
[White "Estrada Nieto, Julian"]
[Black "Gutkin, Ilya"]
[WhiteFideId "5101018"]
[BlackFideId "16203470"]
[WhiteElo "2161"]
[BlackElo "2265"]
[Result "1/2-1/2"]
[Round "06"]
[TimeControl "180+2"]
[Date "2023.05.16"]
[WhiteClock "0:00:03"]
[BlackClock "0:00:04"]

1. e4 e6 2. d4 d5 3. Nd2 c5 4. exd5 Qxd5 5. Ngf3 cxd4 6. Bc4 Qd7 7. O-O Nc6 8. Nb3 Nf6 9. Nbxd4 Nxd4 10. Nxd4 a6 11. Bb3 Bc5 12. Be3 O-O 13. Nxe6 Bxe3 14. Nxf8 Qxd1 15. Raxd1 Bb6 16. Rfe1 Kxf8 17. Rd6 Bc7 18. Rd4 Bf5 19. Rc4 Bd6 20. Rd4 Bc5 21. Rf4 Bg6 22. g4 Re8 23. Rxe8+ Kxe8 24. g5 Nd7 25. Bd5 b5 26. c3 Ke7 27. Be4 Ne5 28. Kg2 Nd3 29. Bxd3 Bxd3 30. a4 Ke6 31. axb5 axb5 32. Kf3 Bc4 33. Kg4 Bd6 34. Re4+ Kd5 35. Re8 Bd3 36. f4 g6 37. Rh8 Kc4 38. Rxh7 Bf5+ 39. Kf3 Be6 40. h4 Kb3 41. h5 gxh5 42. Rxh5 Kxb2 43. g6 fxg6 44. Rxb5+ Kxc3 45. Rb6 Bd5+ 46. Kg4 Bc5 47. Rxg6 Kd4 48. f5 Ke5 49. Rg7 Be4 50. Rf7 Be3 51. Rf8 Bc6 52. f6 Bd7+ 53. Kh5 Bc5 54. Rh8 Kxf6 55. Rh6+ Kf5 56. Rh7 Be8+ 57. Kh4 Bd6 58. Kh3 Bc6 59. Rh6 Ke5 60. Rh5+ Kf4 61. Rh6 Bd7+ 62. Kg2 Be5 63. Rh4+ Ke3 64. Rh7 Bc6+ 65. Kh3 Be4 66. Re7 Bf5+ 67. Kh4 Kf4 68. Kh5 Bf6 69. Rf7 Ke5 70. Rxf6 Kxf6 1/2-1/2


[Site "https://www.chess.com"]

[Event "Titled Tuesday Blitz May 16 Early 2023"]
[White "Maxfan2008"]
[Black "Matveeva, Olga"]
[BlackFideId "24107018"]
[WhiteElo "2525"]
[BlackElo "2009"]
[Result "1-0"]
[Round "06"]
[TimeControl "180+2"]
[Date "2023.05.16"]
[WhiteClock "0:00:16"]
[BlackClock "0:00:00"]

1. d4 Nf6 2. c4 g6 3. Nf3 Bg7 4. g3 O-O 5. Bg2 d6 6. O-O c6 7. Nc3 Qa5 8. e4 Bg4 9. Be3 Nbd7 10. h3 Bxf3 11. Bxf3 e5 12. Qc2 exd4 13. Bxd4 Rfe8 14. Rad1 Ne5 15. Be2 Rad8 16. f4 Ned7 17. Bf3 Nc5 18. a3 Ne6 19. Bf2 Qc7 20. Rfe1 a5 21. Na4 Nd7 22. b4 axb4 23. axb4 Ra8 24. c5 dxc5 25. bxc5 h5 26. Nb6 Nxb6 27. cxb6 Qe7 28. e5 h4 29. Rd6 hxg3 30. Bxg3 Bh6 31. f5 Ng5 32. Bg2 Ra3 33. f6 Qf8 34. Qf2 Ne6 35. Rd7 Nc5 36. e6 Rxe6 37. Rxe6 Nxe6 38. Bd6 Qe8 39. Re7 Qd8 40. Bxa3 Qd1+ 41. Bf1 Qb3 42. Rxe6 Qxe6 43. Bc5 Qd5 44. Bg2 Qd1+ 45. Kh2 Qc1 46. Bd6 Qc4 47. Bc7 Qc1 48. Qh4 1-0


[Site "https://www.chess.com"]

[Event "Titled Tuesday Blitz May 16 Early 2023"]
[White "cristianserban1"]
[Black "Topalov, Aleksandar"]
[BlackFideId "925659"]
[WhiteElo "2514"]
[BlackElo "2151"]
[Result "1-0"]
[Round "06"]
[TimeControl "180+2"]
[Date "2023.05.16"]
[WhiteClock "0:01:36"]
[BlackClock "0:00:15"]

1. d4 Nf6 2. Bf4 g6 3. Nc3 d5 4. e3 c6 5. Nf3 Bg7 6. h3 O-O 7. Be2 Nbd7 8. O-O Ne8 9. e4 dxe4 10. Nxe4 Ndf6 11. Nxf6+ Nxf6 12. c3 Bf5 13. Qd2 Qb6 14. Rfe1 Rfe8 15. Ne5 Be6 16. Nd3 Rad8 17. Be5 Bc4 18. Nc5 Qxc5 19. dxc5 Rxd2 20. Bxc4 Rxb2 21. Rab1 Rxb1 22. Rxb1 Ne4 23. Bxg7 Kxg7 24. Rxb7 Nxc5 25. Rxa7 Kf6 26. Rc7 Ne4 27. Rxc6+ e6 28. Bd3 Nd2 29. a4 Rd8 30. Bc2 Ne4 31. Bxe4 1-0


[Site "https://www.chess.com"]

[Event "Titled Tuesday Blitz May 16 Early 2023"]
[White "Fernandez Siles, Luis"]
[Black "Goltseva, Ekaterina"]
[WhiteFideId "2209420"]
[BlackFideId "24173770"]
[WhiteElo "2195"]
[BlackElo "2114"]
[Result "0-1"]
[Round "06"]
[TimeControl "180+2"]
[Date "2023.05.16"]
[WhiteClock "0:00:07"]
[BlackClock "0:00:19"]

1. e4 e5 2. Nf3 Nc6 3. Bc4 Nf6 4. d3 Be7 5. O-O O-O 6. Re1 d6 7. c3 Na5 8. Bb5 a6 9. Ba4 c5 10. Bg5 Be6 11. Nbd2 Qc7 12. Nf1 Nc6 13. Bxf6 Bxf6 14. Ne3 b5 15. Bb3 Na5 16. Bd5 Rad8 17. a4 b4 18. c4 g6 19. g3 Bg7 20. h4 Nc6 21. Bxc6 Qxc6 22. Nd5 Qd7 23. Qd2 f5 24. Ng5 f4 25. gxf4 Bxd5 26. exd5 Qg4+ 27. Kf1 Rxf4 28. Ne6 Qh3+ 29. Ke2 Qf3+ 30. Kf1 Qh1+ 31. Ke2 Rxf2+ 32. Kxf2 Qh2+ 33. Ke3 Bh6+ 34. Ng5 Qxh4 35. Rg1 Bxg5+ 36. Rxg5 Qxg5+ 37. Ke2 Qg4+ 38. Ke3 Rf8 0-1


[Site "https://www.chess.com"]

[Event "Titled Tuesday Blitz May 16 Early 2023"]
[White "Santos Flores, Alberto"]
[Black "Skaric, Djuro"]
[WhiteFideId "3601234"]
[BlackFideId "934569"]
[WhiteElo "2235"]
[BlackElo "2282"]
[Result "1-0"]
[Round "06"]
[TimeControl "180+2"]
[Date "2023.05.16"]
[WhiteClock "0:01:23"]
[BlackClock "0:00:00"]

1. e4 d6 2. d4 g6 3. Nc3 Bg7 4. Be3 Nf6 5. Qd2 O-O 6. Bh6 Nc6 7. Nge2 e5 8. d5 Nd4 9. Bxg7 Kxg7 10. Nxd4 exd4 11. Qxd4 c5 12. dxc6 bxc6 13. O-O-O Re8 14. Qxd6 Qb6 15. f3 Ba6 16. Bxa6 Qxa6 17. Qc5 Rab8 18. g4 Kg8 19. h4 Qb7 20. b3 Nd7 21. Qd6 Ne5 22. h5 Nxf3 23. Qf6 Qe7 24. Qxf3 Qa3+ 25. Kb1 a5 26. Qf6 Re6 27. Rd8+ Re8 28. hxg6 fxg6 29. Rd7 1-0


[Site "https://www.chess.com"]

[Event "Titled Tuesday Blitz May 16 Early 2023"]
[White "Roberz12"]
[Black "Tomiello, Mateus Costamilan"]
[BlackFideId "22701958"]
[WhiteElo "2356"]
[BlackElo "1990"]
[Result "0-1"]
[Round "06"]
[TimeControl "180+2"]
[Date "2023.05.16"]
[WhiteClock "0:00:06"]
[BlackClock "0:00:05"]

1. e4 e5 2. Nf3 Nc6 3. Bc4 Bc5 4. d3 d6 5. c3 Nf6 6. Bg5 h6 7. Bh4 a6 8. a4 g5 9. Bg3 Bg4 10. Nbd2 Qd7 11. Qc2 a5 12. Qb3 Bb6 13. Bb5 Be6 14. Qc2 h5 15. h4 g4 16. Ng5 O-O-O 17. Nc4 Qe7 18. Nxe6 fxe6 19. Nxb6+ cxb6 20. O-O-O Rdf8 21. Qb3 Nd7 22. Bc4 Nc5 23. Qxb6 Nxa4 24. Qb5 Nc5 25. Rhe1 Qf6 26. Kb1 Rd8 27. b4 axb4 28. cxb4 Na6 29. Rc1 Naxb4 30. Bb3 Kb8 31. Rc4 Rc8 32. Rxb4 Nxb4 33. Qxb4 Rc6 34. d4 Rhc8 35. dxe5 dxe5 36. f4 gxf3 37. gxf3 Rc5 38. Bf2 Rc3 39. Qb6 Qxf3 40. Qa7+ Kc7 41. Bb6+ Kd7 42. Qxb7+ Ke8 43. Ba4+ Kf8 44. Qh7 Qd3+ 45. Ka2 Ra3+ 46. Kb2 Qc3+ 47. Kb1 Ra1# 0-1


[Site "https://www.chess.com"]

[Event "Titled Tuesday Blitz May 16 Early 2023"]
[White "Nastase, Robert-Paul"]
[Black "Yelisieiev, Yevhenii"]
[WhiteFideId "1221175"]
[BlackFideId "14139642"]
[WhiteElo "2175"]
[BlackElo "2403"]
[Result "0-1"]
[Round "06"]
[TimeControl "180+2"]
[Date "2023.05.16"]
[WhiteClock "0:00:46"]
[BlackClock "0:00:48"]

1. e4 d6 2. d4 Nf6 3. Nc3 e5 4. dxe5 dxe5 5. Qxd8+ Kxd8 6. Bc4 Ke8 7. Nf3 Bd6 8. Bg5 Nbd7 9. Nb5 Nxe4 10. Nxd6+ Nxd6 11. Bb3 f6 12. Be3 Nf5 13. Bd2 Nc5 14. Bc4 Be6 15. Bxe6 Nxe6 16. O-O-O Rd8 17. Rhe1 Kf7 18. g3 Rd5 19. Bc3 Rxd1+ 20. Kxd1 Rd8+ 21. Kc1 Nfd4 22. Nxd4 Nxd4 23. h4 h5 24. Bd2 Nf3 0-1


[Site "https://www.chess.com"]

[Event "Titled Tuesday Blitz May 16 Early 2023"]
[White "Bilan, Danila"]
[Black "Llanos, Guillermo"]
[WhiteFideId "24161918"]
[BlackFideId "100358"]
[WhiteElo "2182"]
[BlackElo "2225"]
[Result "1-0"]
[Round "06"]
[TimeControl "180+2"]
[Date "2023.05.16"]
[WhiteClock "0:00:20"]
[BlackClock "0:00:17"]

1. d4 Nf6 2. Nf3 b6 3. g3 Bb7 4. Bg2 c5 5. c4 cxd4 6. Qxd4 Nc6 7. Qd1 Rc8 8. O-O g6 9. b3 Bg7 10. Bb2 O-O 11. Nc3 Ne4 12. Qc1 Nxc3 13. Bxc3 Bxc3 14. Qxc3 Qc7 15. Rad1 Rfd8 16. Qe3 Kg7 17. h4 h6 18. h5 g5 19. Nxg5 hxg5 20. Qxg5+ Kh8 21. Qh6+ Kg8 22. Be4 f5 23. Bxf5 Qe5 24. Bh7+ Kf7 25. Qg6+ Kf8 26. Qg8# 1-0


[Site "https://www.chess.com"]

[Event "Titled Tuesday Blitz May 16 Early 2023"]
[White "Korpics, Zsolt"]
[Black "Degenbaev, Aziz"]
[WhiteFideId "705241"]
[BlackFideId "13802640"]
[WhiteElo "2342"]
[BlackElo "2152"]
[Result "0-1"]
[Round "06"]
[TimeControl "180+2"]
[Date "2023.05.16"]
[WhiteClock "0:00:00"]
[BlackClock "0:01:29"]

1. e4 c5 2. Nf3 d6 3. d4 cxd4 4. Nxd4 Nf6 5. Nc3 a6 6. h3 e5 7. Nde2 h5 8. g3 Be7 9. Bg2 b5 10. a4 b4 11. Nd5 Nxd5 12. Qxd5 Ra7 13. O-O Rc7 14. c3 Be6 15. Qd1 Qc8 16. Kh2 b3 17. Be3 Nd7 18. f4 Nf6 19. f5 Bc4 20. Rf2 O-O 21. Nc1 Rb7 22. Bg5 Rd8 23. Bxf6 Bxf6 24. Qxh5 d5 25. exd5 Bxd5 26. Bxd5 Rxd5 27. Ra3 Qc5 28. Qf3 e4 29. Qe2 e3 30. Rg2 Rd2 31. Qf3 Qxa3 32. bxa3 b2 33. Qxb7 bxc1=Q 34. Qa8+ Kh7 35. Qxa6 Rxg2+ 36. Kxg2 Qd2+ 37. Kf3 Qf2+ 38. Ke4 e2 39. Qb7 e1=Q+ 0-1


[Site "https://www.chess.com"]

[Event "Titled Tuesday Blitz May 16 Early 2023"]
[White "Mayeregger, Arnold"]
[Black "Buchenau, Frank"]
[WhiteFideId "3705226"]
[BlackFideId "4604350"]
[WhiteElo "2038"]
[BlackElo "2157"]
[Result "1-0"]
[Round "06"]
[TimeControl "180+2"]
[Date "2023.05.16"]
[WhiteClock "0:00:54"]
[BlackClock "0:00:00"]

1. d4 e6 2. c4 Nf6 3. Nc3 Bb4 4. e3 O-O 5. Bd2 b6 6. Nf3 Bb7 7. Rc1 c5 8. a3 cxd4 9. axb4 dxc3 10. Bxc3 Ne4 11. b5 Nxc3 12. Rxc3 a6 13. Bd3 axb5 14. cxb5 d6 15. O-O Nd7 16. b4 Nf6 17. Qc2 e5 18. Be2 Ne4 19. Rc7 Nc5 20. bxc5 Qxc7 21. c6 Bc8 22. Rd1 Be6 23. Ng5 g6 24. Qd2 Rfd8 25. Ne4 d5 26. Ng5 Kg7 27. f4 exf4 28. exf4 Qd6 29. Qd4+ Kg8 30. g3 h6 31. Nf3 Qc5 32. Qxc5 bxc5 33. b6 Rac8 34. c7 Rxc7 35. bxc7 Rc8 36. Bc4 Rxc7 37. Bxd5 Rd7 38. Bb3 1-0


[Site "https://www.chess.com"]

[Event "Titled Tuesday Blitz May 16 Early 2023"]
[White "Fajdetic, Hrvoje"]
[Black "Golubev, Mikhail"]
[WhiteFideId "14501945"]
[BlackFideId "14100983"]
[WhiteElo "2185"]
[BlackElo "2374"]
[Result "0-1"]
[Round "06"]
[TimeControl "180+2"]
[Date "2023.05.16"]
[WhiteClock "0:00:00"]
[BlackClock "0:00:41"]

1. d4 Nf6 2. Bf4 d6 3. Nc3 Nbd7 4. Nf3 c5 5. d5 b5 6. Nxb5 Qa5+ 7. Nc3 Rb8 8. Bd2 Rxb2 9. e4 g6 10. Bc4 Bg7 11. O-O O-O 12. Bb3 c4 13. Bxc4 Ng4 14. Nb5 Qa4 15. Qe2 Ba6 16. Rab1 Rxc2 17. Rfc1 Rxc1+ 18. Rxc1 Nge5 19. Nxe5 Nxe5 20. Nxd6 Nxc4 21. Nxc4 Rc8 0-1


[Site "https://www.chess.com"]

[Event "Titled Tuesday Blitz May 16 Early 2023"]
[White "Goncalves, Davi Sulzbacher"]
[Black "Horak, Martin"]
[WhiteFideId "2154510"]
[BlackFideId "367095"]
[WhiteElo "2182"]
[BlackElo "2091"]
[Result "1-0"]
[Round "06"]
[TimeControl "180+2"]
[Date "2023.05.16"]
[WhiteClock "0:00:29"]
[BlackClock "0:00:00"]

1. Nf3 d5 2. d4 Nf6 3. Bg5 Ne4 4. Bh4 c5 5. e3 Qb6 6. Nc3 Nxc3 7. bxc3 Qa5 8. Qd2 e6 9. Bd3 Nc6 10. O-O Bd6 11. Rab1 c4 12. Be2 b5 13. e4 dxe4 14. Ng5 f5 15. d5 Ne5 16. dxe6 Qb6 17. Rxb5 Qxb5 18. Qxd6 Bb7 19. Nf7 Ng6 20. Nxh8 Nxh4 21. Bxc4 Qc6 22. Nf7 Rc8 23. Qg3 Ng6 24. Bb5 1-0


[Site "https://www.chess.com"]

[Event "Titled Tuesday Blitz May 16 Early 2023"]
[White "Shapiro, Viktor"]
[Black "Maung, Maung Kyaw Zaw Hein"]
[WhiteFideId "4175700"]
[BlackFideId "13001698"]
[WhiteElo "2152"]
[BlackElo "2019"]
[Result "1-0"]
[Round "06"]
[TimeControl "180+2"]
[Date "2023.05.16"]
[WhiteClock "0:01:28"]
[BlackClock "0:00:00"]

1. c4 e5 2. Nc3 Nc6 3. g3 Bc5 4. Bg2 d6 5. e3 Nge7 6. Nge2 Bg4 7. h3 Bh5 8. g4 Bg6 9. d4 exd4 10. exd4 Bb6 11. b4 a6 12. O-O O-O 13. c5 dxc5 14. dxc5 Ba7 15. a3 h6 16. Bf4 Qc8 17. Qb3 Bd3 18. Rfe1 Ng6 19. Bg3 Re8 20. Rad1 Bxe2 21. Rxe2 Rxe2 22. Nxe2 Nce5 23. f4 Nd7 24. Qd5 Qe8 25. Kf1 Nf6 26. Qxb7 Rd8 27. Rxd8 Qxd8 28. Qxa7 Qd1+ 29. Be1 Nh4 30. Qxa6 Kh7 31. Qc6 Qd3 32. Bxh4 1-0


[Site "https://www.chess.com"]

[Event "Titled Tuesday Blitz May 16 Early 2023"]
[White "Onslow, Alfie"]
[Black "SereneSalmon"]
[WhiteFideId "436976"]
[WhiteElo "2114"]
[BlackElo "2487"]
[Result "0-1"]
[Round "06"]
[TimeControl "180+2"]
[Date "2023.05.16"]
[WhiteClock "0:00:01"]
[BlackClock "0:00:19"]

1. Nf3 d5 2. c4 e6 3. g3 Nf6 4. d4 dxc4 5. Bg2 a6 6. O-O Nc6 7. e3 Rb8 8. Qc2 b5 9. a4 Bb7 10. Rd1 Nb4 11. Qe2 Be7 12. Nc3 Nbd5 13. axb5 Nxc3 14. bxc3 axb5 15. Ba3 O-O 16. Rdb1 Be4 17. Rb2 Nd5 18. Qe1 Bxa3 19. Rxa3 Qe7 20. Ra5 c6 21. Ne5 Bxg2 22. Kxg2 Qc7 23. Rba2 f6 24. Nf3 c5 25. e4 Ne7 26. Ra7 Rb7 27. Ra8 b4 28. Rxf8+ Kxf8 29. dxc5 b3 30. Ra8+ Kf7 31. e5 b2 32. Qb1 Qxc5 33. exf6 Nf5 34. fxg7 Kxg7 35. Ng5 Qd5+ 36. Kh3 Qd3 37. Qe1 b1=Q 38. Qe5+ Kh6 39. Qf6+ Kh5 40. Nf7 Qbf1# 0-1


[Site "https://www.chess.com"]

[Event "Titled Tuesday Blitz May 16 Early 2023"]
[White "Szente Varga, Fruzsina"]
[Black "Pinto, Daniel"]
[WhiteFideId "712264"]
[BlackFideId "3303144"]
[WhiteElo "1994"]
[BlackElo "2145"]
[Result "1-0"]
[Round "06"]
[TimeControl "180+2"]
[Date "2023.05.16"]
[WhiteClock "0:00:05"]
[BlackClock "0:00:00"]

1. e4 c6 2. d4 d5 3. Nc3 dxe4 4. Nxe4 Bf5 5. Ng3 Bg6 6. Bc4 e6 7. c3 Nf6 8. N1e2 Bd6 9. O-O O-O 10. f4 Nh5 11. Qe1 Nxg3 12. Nxg3 Nd7 13. f5 exf5 14. Nxf5 Nb6 15. Bb3 Qd7 16. Nxd6 Qxd6 17. Bf4 Qd7 18. Qg3 Nd5 19. Be5 f6 20. Bf4 Kh8 21. Rae1 Rfe8 22. Bd6 Rad8 23. Bxd5 cxd5 24. Ba3 Be4 25. Re3 b6 26. Rfe1 Qc6 27. Qf4 Re6 28. Qg4 Rde8 29. h3 f5 30. Qf4 Rg8 31. h4 Rg6 32. R1e2 Rg4 33. Qf2 Qg6 34. Qf1 f4 35. Rh3 f3 36. Rxf3 Bxf3 37. Qxf3 Rxh4 38. Bd6 Re4 39. Be5 Rxe2 40. Qxe2 Qe4 41. Qxe4 dxe4 42. Kf2 Rf8+ 43. Ke3 Rf1 44. Kxe4 Rb1 45. b4 Rb2 46. d5 Kg8 47. d6 Kf7 48. Kd5 Rxg2 49. Kc6 Rg6 50. Kc7 Rg2 51. d7 Rd2 52. Bd4 1-0


[Site "https://www.chess.com"]

[Event "Titled Tuesday Blitz May 16 Early 2023"]
[White "Martins, Vinicius Tine"]
[Black "Buscar, Michael"]
[WhiteFideId "2112884"]
[BlackFideId "2603616"]
[WhiteElo "2373"]
[BlackElo "2010"]
[Result "0-1"]
[Round "06"]
[TimeControl "180+2"]
[Date "2023.05.16"]
[WhiteClock "0:00:27"]
[BlackClock "0:00:14"]

1. e4 c5 2. Nf3 Nc6 3. Bb5 Nf6 4. Nc3 g6 5. e5 Ng4 6. Bxc6 bxc6 7. Qe2 Nh6 8. Qe3 Qa5 9. Ne4 c4 10. Qe2 Ba6 11. O-O Bg7 12. Nf6+ Kd8 13. Ne4 Bxe5 14. Nxe5 Qxe5 15. f4 Qd4+ 16. Kh1 Nf5 17. Nc3 h5 18. g3 h4 19. Kg2 h3+ 20. Kh1 Bb7 21. Qf2 c5+ 22. Kg1 Nxg3 23. Re1 Nf5 24. Qxd4 cxd4 25. Ne4 Rh4 26. d3 Rg4+ 27. Kf1 cxd3 28. cxd3 Nh4 29. Ng3 Nf3 30. Re2 Nxh2+ 31. Rxh2 Rxg3 32. Kf2 Rg2+ 33. Rxg2 Bxg2 34. Bd2 Rc8 35. Rc1 Rxc1 36. Bxc1 Bd5 37. b3 h2 0-1


[Site "https://www.chess.com"]

[Event "Titled Tuesday Blitz May 16 Early 2023"]
[White "Rosh Jain"]
[Black "Lorenzo De La Riva, Lazaro"]
[WhiteFideId "25789465"]
[BlackFideId "2268809"]
[WhiteElo "2233"]
[BlackElo "2294"]
[Result "0-1"]
[Round "06"]
[TimeControl "180+2"]
[Date "2023.05.16"]
[WhiteClock "0:00:42"]
[BlackClock "0:00:11"]

1. e4 c6 2. Nc3 d5 3. Nf3 dxe4 4. Nxe4 Nf6 5. Qe2 Nxe4 6. Qxe4 Nd7 7. d4 Nf6 8. Qd3 g6 9. Be2 Bg7 10. Bd2 Bf5 11. Qb3 Qb6 12. c3 O-O 13. O-O Ne4 14. Be3 Nd6 15. Rfd1 Be6 16. Qc2 Bf5 17. Bd3 Bxd3 18. Rxd3 Qa5 19. a3 Nf5 20. Re1 e6 21. Bc1 b5 22. Ne5 Qc7 23. Rh3 c5 24. Qe4 cxd4 25. cxd4 Rad8 26. Rd3 Rd5 27. Bf4 Qb6 28. Red1 Rfd8 29. Be3 Nxe3 30. fxe3 Bxe5 31. dxe5 Rxd3 32. Rxd3 Rc8 33. Rd2 Qc5 34. Qd4 Qc1+ 35. Kf2 a5 36. e4 Kg7 37. Qe3 b4 38. axb4 axb4 39. Qf4 Kg8 40. Rd8+ Kg7 41. Qf6+ Kh6 42. Rxc8 Qxc8 43. Qf4+ Kg7 44. Qd2 Qc4 45. Kf3 b3 46. Qd8 Qf1+ 47. Kg3 Qe1+ 48. Kf3 Qf1+ 49. Kg3 h5 50. h3 Qe1+ 51. Kh2 Qxe4 52. Qf6+ Kg8 53. Qd8+ Kh7 54. Qf6 Qf5 55. Kg3 Qxf6 56. exf6 g5 0-1


[Site "https://www.chess.com"]

[Event "Titled Tuesday Blitz May 16 Early 2023"]
[White "Ljukin, Sergei"]
[Black "Rodriguez Santiago, Jaime"]
[WhiteFideId "14102200"]
[BlackFideId "3100898"]
[WhiteElo "2312"]
[BlackElo "2025"]
[Result "1-0"]
[Round "06"]
[TimeControl "180+2"]
[Date "2023.05.16"]
[WhiteClock "0:00:16"]
[BlackClock "0:00:23"]

1. e4 c6 2. d4 d5 3. e5 Bf5 4. Nd2 e6 5. Nb3 c5 6. dxc5 Bxc5 7. Nxc5 Qa5+ 8. c3 Qxc5 9. Be3 Qc7 10. f4 Nc6 11. Nf3 h5 12. Be2 Nh6 13. Nd4 Nxd4 14. Bxd4 g6 15. Qa4+ Kf8 16. O-O-O Be4 17. Rhg1 Nf5 18. g3 a6 19. Qb4+ Kg7 20. Bb6 Qc6 21. h3 a5 22. Qb5 Rhc8 23. Bf2 a4 24. g4 hxg4 25. hxg4 Ne7 26. Bh4 Ng8 27. a3 Qc7 28. Bd3 Ra5 29. Qb4 Bxd3 30. Rxd3 Rc5 31. Rd4 b5 32. Re1 Nh6 33. Bf6+ Kg8 34. Rh1 1-0


[Site "https://www.chess.com"]

[Event "Titled Tuesday Blitz May 16 Early 2023"]
[White "Dobre, Claudiu-Cristian"]
[Black "Klepikov, Nikita"]
[WhiteFideId "1211854"]
[BlackFideId "24145220"]
[WhiteElo "2207"]
[BlackElo "2025"]
[Result "0-1"]
[Round "06"]
[TimeControl "180+2"]
[Date "2023.05.16"]
[WhiteClock "0:00:00"]
[BlackClock "0:00:07"]

1. e4 c5 2. b3 e5 3. Bb2 d6 4. Nc3 Nc6 5. Bc4 g6 6. Nge2 Bg7 7. d3 Nge7 8. O-O O-O 9. Nd5 Rb8 10. a4 b6 11. f4 a6 12. Ng3 b5 13. axb5 axb5 14. Nxe7+ Nxe7 15. Bd5 Nxd5 16. exd5 f5 17. fxe5 dxe5 18. c4 bxc4 19. dxc4 Qb6 20. Re1 Re8 21. Ra3 Bd7 22. Qa1 Qd6 23. Ra6 Qe7 24. d6 Qe6 25. Qd1 Ra8 26. Rxa8 Rxa8 27. Qc2 Qxd6 28. Rd1 Qe6 29. Qd3 e4 30. Qxd7 Qxd7 31. Rxd7 Bxb2 32. Ne2 Rb8 33. Rd5 Ba3 34. Rd7 Rxb3 35. Nf4 Rb2 36. Ne6 Rc2 37. Rg7+ Kh8 38. Ra7 h5 0-1


[Site "https://www.chess.com"]

[Event "Titled Tuesday Blitz May 16 Early 2023"]
[White "Jodorcovsky Werjivker, Paulo"]
[Black "Turzo, Attila"]
[WhiteFideId "3700305"]
[BlackFideId "704954"]
[WhiteElo "2120"]
[BlackElo "2469"]
[Result "1-0"]
[Round "06"]
[TimeControl "180+2"]
[Date "2023.05.16"]
[WhiteClock "0:00:16"]
[BlackClock "0:00:02"]

1. e4 c6 2. d4 d5 3. exd5 cxd5 4. Bd3 Nc6 5. c3 Nf6 6. h3 e5 7. dxe5 Nxe5 8. Nf3 Nc6 9. O-O Be7 10. Be3 O-O 11. Nbd2 Be6 12. Nb3 a6 13. Re1 h6 14. Nbd4 Qd7 15. Bf4 Bc5 16. Nb3 Ba7 17. Qe2 Rfe8 18. Qf1 Ne4 19. Be3 f5 20. Bxa7 Rxa7 21. Nfd4 Raa8 22. f3 Nxd4 23. Nxd4 Nd6 24. Re5 Bf7 25. Rae1 g6 26. R1e3 Nc4 27. Bxc4 dxc4 28. Rxe8+ Rxe8 29. Qe2 Rxe3 30. Qxe3 Qd6 31. Kf2 Kg7 32. f4 Kf6 33. g4 fxg4 34. hxg4 Qd5 35. Nf3 Be6 36. f5 gxf5 37. Qxh6+ Ke7 38. g5 Qc5+ 39. Kg2 Qe3 40. Qf6+ Kd6 41. Qd4+ Qxd4 42. Nxd4 Bd5+ 43. Kg3 Ke5 44. Nc2 f4+ 45. Kg4 Be6+ 46. Kf3 Bd5+ 47. Kg4 f3 48. Kg3 Ke4 49. g6 Kf5 50. Ne3+ Ke6 51. Nxd5 Kxd5 52. g7 1-0


[Site "https://www.chess.com"]

[Event "Titled Tuesday Blitz May 16 Early 2023"]
[White "Mahalakshmi, M"]
[Black "mjelcic"]
[WhiteFideId "5001080"]
[WhiteElo "2176"]
[BlackElo "2256"]
[Result "1-0"]
[Round "06"]
[TimeControl "180+2"]
[Date "2023.05.16"]
[WhiteClock "0:00:55"]
[BlackClock "0:00:30"]

1. e4 g6 2. d4 Bg7 3. Nc3 d6 4. Be3 Nf6 5. Qd2 O-O 6. f3 a6 7. O-O-O b5 8. h4 h5 9. Nh3 Nbd7 10. Nf2 Bb7 11. g4 c5 12. Be2 Qa5 13. gxh5 Nxh5 14. f4 b4 15. Nb1 cxd4 16. Bxd4 Bxd4 17. Qxd4 Qc5 18. Bxh5 Qxd4 19. Rxd4 gxh5 20. Rg1+ Kh7 21. Rxb4 Bc6 22. Nc3 Rg8 23. Rg5 Kh6 24. Rc4 Bb5 25. Rc7 Rgd8 26. Nxb5 axb5 27. a3 b4 28. axb4 f6 29. Rb5 Ra1+ 30. Kd2 Rf1 31. Ke2 Rb1 32. Rbb7 Nf8 33. Rxe7 Rxb2 34. Rec7 d5 35. e5 fxe5 36. fxe5 Ne6 37. Rc6 Re8 38. Rbb6 1-0


[Site "https://www.chess.com"]